Cogmind - Beta 10.2 @@@ ROGUE MODE // 2022.01.14 @ 04:18:31 Player: Sara Result: Destroyed by G-47 Trooper with Particle Gun Performance ------------- Evolutions (3) 1500 Regions Visited (6) 1200 Robots Destroyed (0) 0 Value Destroyed (0) 0 Prototype IDs (29) 580 Alien Tech Used (0) 0 Bonus (934) 934 TOTAL SCORE: 4214 Bonus ------- Pacifist 634 Aligned with FarCom 300 Cogmind --------- Core Integrity 0/700 Matter 194/300 Energy 98/100 System Corruption 8% Temperature Cool (9) Movement Core (50) Location -7/Factory Parts ------- > --- POWER (1) -------- (None) > --- PROPULSION (3) --- (None) > --- UTILITY (7) ------ Signal Interpreter Terrain Scan Processor Improved Terrain Scan Processor > --- WEAPON (2) ------- (None) > --- INVENTORY (4) ---- Heavy Deuterium Engine Advanced Signal Interpreter Improved Datajack Longsword +1 Peak State ------------ > --- POWER ------------ Heavy Deuterium Engine > --- PROPULSION ------- Aerolev Unit Aerolev Unit Aerolev Unit > --- UTILITY ---------- Large Storage Unit Advanced Weight Redist. System Signal Interpreter Advanced Terrain Scanner Terrain Scan Processor Improved ECM Suite > --- WEAPON ----------- Powered Hammer Longsword +1 > --- INVENTORY -------- Deuterium Engine Light Treads Aerolev Unit Advanced Signal Interpreter Utility Shielding Long-range Tractor Beam Assault Rifle Improved Datajack [Rating: 43] Favorites ----------- Power Light Ion Engine Engine Light Ion Engine Propulsion Aerolev Unit Treads Light Treads Leg Aluminum Leg Hover Unit Aerolev Unit Flight Unit Flight Unit Utility Signal Interpreter Device Advanced Terrain Scanner Storage Large Storage Unit Processor Signal Interpreter Protection Utility Shielding Weapon Longsword +1 Ballistic Gun Assault Rifle Impact Weapon Powered Hammer Slashing Weapon Longsword +1 Build | -11 -10 -10 -10 -9 -8 -7 ------- Run | Scr Mat Min Exi Min Mat Fac Slots Evolved 6 | . . . . . 4 2 Power . | . . . . . . . Propulsion 1 | . . . . . 1 . Utility 5 | . . . . . 3 2 Weapon . | . . . . . . . Parts Attached 33 | 4 6 2 2 . 6 13 Power 3 | . 1 . . . . 2 Engine 3 | . 1 . . . . 2 Core . | . . . . . . . Reactor . | . . . . . . . Propulsion 12 | 2 2 1 . . 3 4 Treads 3 | 2 . 1 . . . . Leg . | . . . . . . . Wheel . | . . . . . . . Hover 7 | . . . . . 3 4 Flight 2 | . 2 . . . . . Utility 13 | . 3 1 1 . 3 5 Device 6 | . 1 1 1 . 1 2 Storage 1 | . . . . . . 1 Processor 4 | . 2 . . . 1 1 Hackware . | . . . . . . . Protection 2 | . . . . . 1 1 Artifact . | . . . . . . . Weapon 5 | 2 . . 1 . . 2 Energy Gun . | . . . . . . . Energy Cannon . | . . . . . . . Ballistic Gun 2 | 2 . . . . . . Ballistic Cannon . | . . . . . . . Launcher . | . . . . . . . Special Weapon . | . . . . . . . Impact Weapon 1 | . . . . . . 1 Slashing Weapon 2 | . . . 1 . . 1 Piercing Weapon . | . . . . . . . Special Melee Weapon . | . . . . . . . Unidentified Prototypes 2 | . . 1 . . 1 . Parts Lost 11 | . . 3 . . . 8 Power 1 | . . . . . . 1 Propulsion 6 | . . 2 . . . 4 Utility 4 | . . 1 . . . 3 Weapon . | . . . . . . . Highest Loss Streak 7 | . . 2 . . . 7 Average Slot Usage (%) 66 | . 84 84 53 57 61 70 Engine 3 | . 3 10 . . 2 5 Treads 6 | . 20 3 14 14 4 . Hover 6 | . . . . . 12 16 Flight 4 | . 7 20 . . . . Device 13 | . 7 13 14 14 11 15 Processor 15 | . 15 14 14 14 18 17 Protection 1 | . . . . . 2 1 Ballistic Gun 4 | . 28 20 . . . . Slashing Weapon 7 | . . . 10 14 9 5 Naked Turns . | . . . . . . . Heaviest Build 36 | 3 7 7 4 4 8 36 Greatest Support 42 | 20 8 8 3 3 33 42 Greatest Overweight (x) 2 | . 2 . 1 1 1 1 Average Overweight (x) . | . . . . 1 . . Largest Inventory Capacity 10 | 4 4 4 4 4 4 10 Average Capacity 4 | 4 4 4 4 4 4 8 Most Carried 9 | 4 4 4 3 4 4 9 Average Carried 3 | 3 3 3 3 3 3 6 Final Capacity 4 | 4 4 4 4 4 4 4 Final Carried 4 | 3 4 4 3 4 4 4 Class Distribution -------------------- 46% | Assassin 34% | Mutant 18% | Ninja Dominant Class ---------------- Mutant | -10/Materials Mutant | -10/Mines Mutant | -10/Exiles Assassin | -9/Mines Assassin | -8/Materials Ninja | -7/Factory Resources | -11 -10 -10 -10 -9 -8 -7 ----------- Run | Scr Mat Min Exi Min Mat Fac Matter Collected 382 | 199 . 116 . 20 . 47 Remotely 28 | . . . . . . 28 Salvage Created . | . . . . . . . Parts . | . . . . . . . Haulers Intercepted . | . . . . . . . Recyclers Shooed . | . . . . . . . Parts Field Recycled . | . . . . . . . Retrieved Matter . | . . . . . . . Parts Self-Destructed . | . . . . . . . Prevented . | . . . . . . . Kills | -11 -10 -10 -10 -9 -8 -7 ------- Run | Scr Mat Min Exi Min Mat Fac Combat Hostiles Destroyed . | . . . . . . . Classes Destroyed . | . . . . . . . Best Kill Streak . | . . . . . . . Combat Bots Only . | . . . . . . . Max Kills in Single Turn . | . . . . . . . Gunslinging . | . . . . . . . Exploded . | . . . . . . . Melee . | . . . . . . . Uniques/NPCs Destroyed . | . . . . . . . Combat | -11 -10 -10 -10 -9 -8 -7 -------- Run | Scr Mat Min Exi Min Mat Fac Damage Taken 1787 | . 41 247 46 46 64 1343 Core 889 | . . 111 . 46 31 701 Absorbed by Shields 54 | . . . . . . 54 Core Remaining (%) 77 | 100 . . . 37 94 . Volleys Fired . | . . . . . . . Largest . | . . . . . . . Hottest . | . . . . . . . Shots Fired . | . . . . . . . Gun . | . . . . . . . Cannon . | . . . . . . . Launcher . | . . . . . . . Special . | . . . . . . . Kinetic . | . . . . . . . Thermal . | . . . . . . . Explosive . | . . . . . . . Electromagnetic . | . . . . . . . Robot Hit Streak . | . . . . . . . Robot Miss Streak . | . . . . . . . Penetration Max . | . . . . . . . Secondary Targets . | . . . . . . . Shots Hit Robots 2 | . . . . . . 2 Core Hits . | . . . . . . . Critical Hits . | . . . . . . . Critical Kills . | . . . . . . . Critical Parts Destroyed . | . . . . . . . Melee Attacks 21 | . . . . 3 11 7 Impact 1 | . . . . . . 1 Slashing 20 | . . . . 3 11 6 Piercing . | . . . . . . . Sneak Attacks . | . . . . . . . Combat Hostiles . | . . . . . . . Follow-up Attacks 1 | . . . . . . 1 Damage Inflicted 88 | . . . . . . 88 Guns . | . . . . . . . Cannons . | . . . . . . . Explosions . | . . . . . . . Melee 74 | . . . . . . 74 Ramming 14 | . . . . . . 14 Kinetic . | . . . . . . . Thermal . | . . . . . . . Explosive . | . . . . . . . Electromagnetic . | . . . . . . . Impact 33 | . . . . . . 33 Slashing 41 | . . . . . . 41 Piercing . | . . . . . . . Highest Corruption 8 | . . . . . . 8 Average Corruption 4 | . . . . . . 4 Corruption Purged . | . . . . . . . Effects 5 | . . . . . . 5 Message Errors 2 | . . . . . . 2 Matter Fused 1 | . . . . . . 1 Parts Rejected 1 | . . . . . . 1 Data Loss (minor) 1 | . . . . . . 1 Overload Shots . | . . . . . . . Overflow Damage 1 | . . . . . . 1 Projectiles . | . . . . . . . Explosions . | . . . . . . . Melee 1 | . . . . . . 1 Knockbacks . | . . . . . . . Impact . | . . . . . . . Kinetic . | . . . . . . . Secondary . | . . . . . . . Self-Inflicted Damage 7 | . . . . . . 7 Shots . | . . . . . . . Rammed 1 | . . . . . . 1 Targets Rammed 1 | . . . . . . 1 Kicked . | . . . . . . . Crushed . | . . . . . . . Highest Temperature . | . . . . . . . Average Temperature . | . . . . . . . Received Heat Transfer 246 | . . . 24 . 36 186 Siege Activations . | . . . . . . . Robots Corrupted . | . . . . . . . Combat Hostiles . | . . . . . . . Parts Fried . | . . . . . . . Impact Corruptions . | . . . . . . . Robots Melted . | . . . . . . . Combat Hostiles . | . . . . . . . Parts Melted . | . . . . . . . Heat Transferred . | . . . . . . . Parts Sabotaged . | . . . . . . . Parts Stolen . | . . . . . . . Parts Stripped . | . . . . . . . Power Chain Reactions . | . . . . . . . Missiles Intercepted . | . . . . . . . Alert | -11 -10 -10 -10 -9 -8 -7 ------- Run | Scr Mat Min Exi Min Mat Fac Peak Influence 185 | . 127 100 . . 119 185 Initial 60 | . . 55 . . . 60 Average 30 | . 47 69 . . 9 65 Maximum Alert Level . | . . . . . . . Low Security (%) 100 | 100 100 100 . 100 100 100 Level 1 . | . . . . . . . Level 2 . | . . . . . . . Level 3 . | . . . . . . . Level 4 . | . . . . . . . Level 5 . | . . . . . . . High Security . | . . . . . . . Max Security . | . . . . . . . Squads Dispatched 6 | . . . . . 2 4 Investigation 1 | . . . . . . 1 Extermination 1 | . . . . . . 1 Reinforcement 4 | . . . . . 2 2 Assault . | . . . . . . . Garrison . | . . . . . . . Intercept . | . . . . . . . Construction Impeded . | . . . . . . . Haulers Reinforced . | . . . . . . . Stealth | -11 -10 -10 -10 -9 -8 -7 --------- Run | Scr Mat Min Exi Min Mat Fac Distress Signals 5 | . 1 . . 1 2 1 Communications Jammed . | . . . . . . . Distress Signals . | . . . . . . . Times Spotted 61 | . 9 12 2 1 10 27 Peak Tracking Total 18 | . 8 3 2 1 18 9 Tactical Retreats 16 | . 2 3 . 1 3 7 Traps | -11 -10 -10 -10 -9 -8 -7 ------- Run | Scr Mat Min Exi Min Mat Fac Traps Triggered 4 | . . . . . . 4 Indirectly . | . . . . . . . Trap Hack Attempts . | . . . . . . . Triggered . | . . . . . . . Disarmed 6 | . . . . . 6 . Reprogrammed . | . . . . . . . Reused . | . . . . . . . Traps Extracted . | . . . . . . . Installed . | . . . . . . . Triggered . | . . . . . . . Machines | -11 -10 -10 -10 -9 -8 -7 ---------- Run | Scr Mat Min Exi Min Mat Fac Machines Disabled . | . . . . . . . Max in Single Turn . | . . . . . . . Garrison Access 1 | . . . . . 1 . Machines Sabotaged . | . . . . . . . Garrisons Compromised . | . . . . . . . Overloaded Fab Kills . | . . . . . . . Fab Network Shutdowns . | . . . . . . . Hacking | -11 -10 -10 -10 -9 -8 -7 --------- Run | Scr Mat Min Exi Min Mat Fac Machines Accessed 17 | . 3 1 1 . 7 5 Terminals 12 | . 3 . . . 4 5 Fabricators . | . . . . . . . Repair Stations 1 | . . . . . 1 . Recycling Units . | . . . . . . . Scanalyzers 1 | . . . . . 1 . Garrison Access 1 | . . . . . 1 . Total Hacks 33 | . 6 1 1 . 18 7 Successful 22 | . 4 1 1 . 14 2 Failed 11 | . 2 . . . 4 5 Catastrophic 5 | . 1 . . . 1 3 Database Lockouts . | . . . . . . . Manual 13 | . 6 . 1 . 3 3 Terminals 26 | . 6 . . . 13 7 Fabricators . | . . . . . . . Repair Stations 2 | . . . . . 2 . Recycling Units . | . . . . . . . Scanalyzers 2 | . . . . . 2 . Garrison Access 1 | . . . . . 1 . Terminal Hacks 13 | . 1 1 1 . 8 2 Prototype ID Bank 2 | . . . . . 2 . Open Door 1 | . . 1 . . . . Branch Access Points 2 | . 1 . . . . 1 Emergency Access Points 1 | . . . . . 1 . Locate Traps 1 | . . . . . 1 . Disarm Traps 1 | . . . . . 1 . Hauler Manifests 2 | . . . . . 2 . Registered Prototypes 1 | . . . . . . 1 Zone Layout 1 | . . . . . 1 . EX-Prototype ID Bank 1 | . . . 1 . . . Fabricator Hacks . | . . . . . . . Repair Station Hacks 1 | . . . . . 1 . Refit 1 | . . . . . 1 . Recycling Unit Hacks . | . . . . . . . Scanalyzer 2 | . . . . . 2 . Insert Component 1 | . . . . . 1 . Analyze 1 | . . . . . 1 . Garrison Access Hacks 1 | . . . . . 1 . Seal Access 1 | . . . . . 1 . Unauthorized Hacks 5 | . 3 . . . 2 . Terminals 5 | . 3 . . . 2 . Botnet 4 | . 2 . . . 2 . Operators 1 | . 1 . . . . . Fabricators . | . . . . . . . Repair Stations . | . . . . . . . Recycling Units . | . . . . . . . Scanalyzers . | . . . . . . . Garrison Access . | . . . . . . . Data Cores Recovered . | . . . . . . . Used . | . . . . . . . Hacking Detections 10 | . 2 . . . 4 4 Full Trace Events 1 | . . . . . . 1 Feedback Events . | . . . . . . . Feedback Blocked . | . . . . . . . Robot Schematics Acquired . | . . . . . . . Robots Built . | . . . . . . . Matter . | . . . . . . . Time . | . . . . . . . Total Robot Build Rating . | . . . . . . . Part Schematics Acquired 1 | . . . . . 1 . Parts Built . | . . . . . . . Matter . | . . . . . . . Time . | . . . . . . . Total Part Build Rating . | . . . . . . . Parts Repaired . | . . . . . . . Time . | . . . . . . . Parts Recycled . | . . . . . . . Recycled Matter . | . . . . . . . Retrieved Matter . | . . . . . . . Retrieved Components . | . . . . . . . Parts Scanalyzed 1 | . . . . . 1 . Part Schematics Acquired 1 | . . . . . 1 . Parts Damaged . | . . . . . . . Bothacking | -11 -10 -10 -10 -9 -8 -7 ------------ Run | Scr Mat Min Exi Min Mat Fac Used RIF Installer . | . . . . . . . Robots Hacked . | . . . . . . . Non-combat . | . . . . . . . Combat . | . . . . . . . Robot Hacks Applied . | . . . . . . . Relay Couplers Released . | . . . . . . . Robots Rewired . | . . . . . . . Allies Hacked . | . . . . . . . Hacks Repelled . | . . . . . . . Allies | -11 -10 -10 -10 -9 -8 -7 -------- Run | Scr Mat Min Exi Min Mat Fac Total Allies . | . . . . . . . Largest Group . | . . . . . . . Highest-Rated Group . | . . . . . . . Highest-Rated Ally . | . . . . . . . Total Orders . | . . . . . . . Ally Attacks . | . . . . . . . Total Damage . | . . . . . . . Kills . | . . . . . . . Allies Corrupted . | . . . . . . . Allies Melted . | . . . . . . . Intel | -11 -10 -10 -10 -9 -8 -7 ------- Run | Scr Mat Min Exi Min Mat Fac Robot Analysis Total . | . . . . . . . Derelict Logs Recovered 1 | . . 1 . . . . Drone Launches . | . . . . . . . Drone Recoveries . | . . . . . . . Exploration | -11 -10 -10 -10 -9 -8 -7 ------------- Run | Scr Mat Min Exi Min Mat Fac Turns Passed 3897 | 14 110 752 259 809 1328 625 Spaces Moved 2873 | 7 189 939 313 316 357 752 Core 1427 | 5 116 324 313 316 102 251 Treads 2 | 2 . . . . . . Legs . | . . . . . . . Wheels . | . . . . . . . Hover 756 | . . . . . 255 501 Flight 688 | . 73 615 . . . . Fastest Speed 37 | 50 37 37 50 100 42 42 Average Speed 57 | 81 52 41 81 100 62 49 Slowest Speed 160 | 160 150 50 100 100 100 110 Overloaded Moves . | . . . . . . . Propulsion Burnouts . | . . . . . . . Robots Hopped 10 | . 1 9 . . . . Cave-ins Triggered . | . . . . . . . Exploration Rate (%) 48 | 2 43 96 62 85 34 18 Regions Visited 6 Branch Regions 3 Pre-discovered Areas 1 | . . 1 . . . . Known Exits Taken 5 | . 1 1 1 1 1 . Unknown Exits Taken 1 | 1 . . . . . . Scrap Searched 4 | . . 1 . 3 . . Spaces Dug 18 | . . . . 3 11 4 Terrain Destroyed 18 | . . . . 3 11 4 Melee 18 | . . . . 3 11 4 Projectile . | . . . . . . . AOE . | . . . . . . . Terrain Rammed . | . . . . . . . Walls Destroyed . | . . . . . . . Machines Disabled . | . . . . . . . Actions | -11 -10 -10 -10 -9 -8 -7 --------- Run | Scr Mat Min Exi Min Mat Fac Total 5080 | 16 197 1295 317 806 1449 1000 Wait 2103 | . 1 353 3 485 1070 191 Move 2848 | 6 186 921 312 315 356 752 Hop 9 | . 1 8 . . . . Pick Up 13 | . . 4 . 2 2 5 Fast Attach 20 | 3 5 . 1 . 5 6 Attach 10 | 1 1 1 1 . 1 5 Detach 7 | . 2 1 . . 1 3 Swap 3 | . . 1 . . . 2 Drop 24 | 6 1 6 . 1 3 7 Fire . | . . . . . . . Melee 20 | . . . . 3 11 6 Ram 1 | . . . . . . 1 Kick . | . . . . . . . Crush . | . . . . . . . Escape Stasis 22 | . . . . . . 22 Rewire . | . . . . . . . Trap . | . . . . . . . Miscellaneous . | . . . . . . . Route ------- -11/Scrapyard -10/Materials (discovered 3 exits: *Mat / *Min x2) -10/Mines (discovered 3 exits: *Mat x2 / *Exi) -10/Exiles -9/Mines -8/Materials (discovered 2 exits: *Fac / [*Sto]) -7/Factory (discovered 2 exits: Low x2) History --------- Turn | Location | Event 6 | -11/Scrapyard | Discovered new exit (range 1) 15 | -11/Scrapyard | Entered Materials 57 | -10/Materials | Discovered new exit (range 10) 61 | -10/Materials | Identified exit to Materials 117 | -10/Materials | Identified exit to Mines 125 | -10/Materials | Entered Mines 141 | -10/Mines | Found a damaged Exp. Sensor Array with a note attached 142 | -10/Mines | Found Prototype Device 145 | -10/Mines | Identified Exp. Sensor Array 148 | -10/Mines | Discovered exit to Materials (range 14) 166 | -10/Mines | Discovered exit to Materials (range 14) 301 | -10/Mines | Learned location of Mines (-9) 304 | -10/Mines | Build established: Mutant 710 | -10/Mines | Met a Derelict who couldn't figure out how to use a Trap Extractor 872 | -10/Mines | Deemed a non-threat by the Exiles lab entrance 872 | -10/Mines | Discovered new exit (range 5) 874 | -10/Mines | Identified exit to Exiles 877 | -10/Mines | Entered Exiles 892 | -10/Exiles | Met 8R-AWN 899 | -10/Exiles | Met EX-HEX 913 | -10/Exiles | Met EX-BIN 920 | -10/Exiles | Aligned with FarCom system 921 | -10/Exiles | Given EX-Vault access code 933 | -10/Exiles | Opened EX-Vault 937 | -10/Exiles | Found Longsword +1 958 | -10/Exiles | Warned to stay clear of 0b10 Research branches 971 | -10/Exiles | Exiles lab attacked by MAIN.C 1128 | -10/Exiles | Discovered new exit (range 10) 1135 | -10/Exiles | Identified exit to Mines 1136 | -10/Exiles | Left Exiles lab with Longsword +1 1136 | -10/Exiles | Entered Mines 1164 | -9/Mines | Met a Derelict bent on vengeance 1433 | -9/Mines | Build established: Assassin 1814 | -9/Mines | Core integrity fell below 50% 1927 | -9/Mines | Discovered new exit (range 14) 1944 | -9/Mines | Identified exit to Materials 1945 | -9/Mines | Entered Materials 1945 | -8/Materials | Evolved 4 slots: Propulsion x1, Utility x3 1957 | -8/Materials | Discovered new exit (range 12) 2675 | -8/Materials | Discovered new exit (range 12) 3163 | -8/Materials | Build established: Ninja 3273 | -8/Materials | Identified exit to Factory 3273 | -8/Materials | Entered Factory 3273 | -7/Factory | Evolved 2 slots: Utility x2 3702 | -7/Factory | Identified exit to Lower Caves 3764 | -7/Factory | Core integrity fell below 50% 3799 | -7/Factory | Lost 7 parts (1p4n2u) 3837 | -7/Factory | Core integrity fell below 20% 3898 | -7/Factory | Destroyed by G-47 Trooper with Particle Gun Last Messages --------------- 03830_ Field strength at 76. 03831_ Field strength at 70. 03832_ Field strength at 64. 03833_ Field strength at 58. 03834_ Field strength at 44. 03835_ Field strength at 38. 03836_ Field strength at 32. 03837_ Field strength at 18. 03838_ Field strength at 12. 03839_ Field strength at 6. 03840_ Stasis field depleted. 03853_ System corrupted: Component data lost. 03870_ ,&IZUURJW7WXS/Z=EU36NOGQIFTY,A 03876_ T-07 Excavator destroyed. 03880_ Imp. ECM Suite destroyed. 03883_ K-01 Serf destroyed. 03888_ 6WMN |EDMGQSYHMS=FYWCSXHBA8PVBTGHPBG 03888_ Acquired 19 matter. 03889_ K-01 Serf cleans the Assembly Bed. 03896_ Connecting with Terminal... Map ----- +----------------------------------------------------+ | ??????????????????????????????????????????? | | ????????????????????????????????????????????? | | ??????????????????????????????????????????????? | | #???????????????????????????????????????????????? | | #????????????????????????????????????????????????? | | #????????????????????????????????????????????????? | | #????????????????????????????????????????????????? | | #?????????????????????##+########????????????????? | | #????????????????????# ????????????????? | | #???????????????????? ????????????????? | | #???????????????????? ??????????????????? | | #???????????????????? k ???????????????????? | | #????????????????????# w ????????????????????? | | #??????????##+######## #?????????????????????? | | #??????????# [## g ##????????????????????? | | #???#+#????# """" # a #????????????????????? | | ##### #????# """" # #????????????????????? | | ###### """" # " #????????????????????? | | =+ """" + "Tg #????????????????????? | | ####! """" # #????????????????????? | | #??# """" # #??????????????w?????? | | #??# p # r #????????????????????? | | #??# ! ### #########??????????????? | | #??##########?# # #??????????????? | | #?????????????# + """ #??????????????? | | #?????????????# @# """ #??????????????? | | ### #?????????????# # """ #??????????????? | | ??# #?????????????# #? #??????????????? | | ??# #?????????????# #?! """ #??????????????? | | ??# #?????????????+ #?? """ #??????????????? | | ??# #?????????????# #?? """ #??????????????? | | ??# #?????????????# #??? ????????????????? | | ??# #?????????????# #???###????????????????? | | ### #?????????????# #??????????????????????? | | #?????????????# ???????????????????????? | | #?????????????# ???????????????????????? | | #?????????????# ???????????????????????? | | ##????????????# ???????????????????????? | | +????????????# ???????????????????????? | | ####+####????????????# ???????????????????????? | | #???? ???????????????? ???????????????????#???# | | +????????????????????#????????????????????????#?? | | ## ??????????????????????????????????????????????? | | #??????"????"?????????? ???#??? ??? ???????????? | | #? ?"?"??# ????????? ?? #??????? ??????????????? | | #???"??? ?????????????? #?????????#????????#?#?? | | #?? "??"????? ????????# #?????????# ????? ??? | | ## ?? ????????? ??????# #?????????# ????? "???? | | #? ?? ??????????????# #?????????# ???? "???? | | ## ?? ???? ?????????# #?????????# ?"" ""??? | +----------------------------------------------------+ Best States ------------- Heat Dissipation 34 Energy Generation 18 Energy Capacity 310 Matter Stores 300 Matter Capacity 300 Sight Range 16 Robot Scan Range 30 Terrain Scan Range 20 Terrain Scan Density 185 ECM Strength 2 Additional Mass Support 9 Utility Shielding 33 Evasion (%) 62 Recoil Reduction 1 Item Schematics ----------------- Aerolev Unit | -8/Materials | Scanalyzed Robot Schematics ------------------ None Fabricated ------------ Nothing Alien Tech Used ----------------- None Achievements -------------- None Challenges ------------ None Game ------ Seed SpikedIntegrationMembrane Manual? 0 Play Time 00:39:32 Cumulative 75.7 hours Start 2022.01.14 @ 03:39:53 End 2022.01.14 @ 04:18:31 Sessions 1 Manual Loads 0 Difficulty Rogue Special Mode None Game No. 87 Rogue 87 Adventurer 0 Explorer 0 Win Type - Total 0 Types 0/0/0/0/0/0/0/0/0 Lore% 50 Gallery% 49 Achievement% 39 Wizard Run 0 Options --------- ASCII 0 Keyboard 0 Movement Numpad Keybinds 0 Fullscreen 1 Font 18/X11Bold Map View 76x50 Tactical HUD 1 Map Filters NONE Filters NONE Steam 1 RUN: bd0f1d13-8c4b-4360-950f-fb0e6dc46afe